AoeStats
← gob b

African Clearing

505299888Analyzed
4v4 RM · 22d ago on Sep 8, 2026· 56m 14s· 8 players
Game mode
Random Map
Map size
Large (8 player)
Population
200
Speed
Normal
Resources
Standard
Victory
Conquest
Starting age
Dark Age
Ending age
Imperial Age
RankedLock teamsTeams togetherTeam positionsShared explorationLock speedFull tech treeHidden civsTurbo modeCheats
Victory
Defeat
🇩🇪 Persians · Germany
1155
+11
🇺🇸 Inca · United States
1069
+15
🇷🇴 Georgians · Romania
1027
+17
984
+18
🇮🇳 Huns · India
1095
-17
🇨🇳 Dravidians · China
1088
-17
🇹🇷 Mongols · Türkiye
1017
-14
🇲🇽 Teutons · Mexico
979
-13
NoStaks
12:07 Loom
14:15 Feudal Age
14:44 Double-Bit Axe
15:18 Horse Collar
16:17 Champi Runner
19:26 Fletching
27:04 Castle Age
25:49 Gold Mining
29:04 Wheelbarrow
28:00 Crossbowman
28:38 Bodkin Arrow
28:44 Padded Archer Armor
33:55 Ballistics
38:52 Imperial Age
40:41 Chemistry
39:03 Arbalester
44:35 Champi Warrior
45:22 Squires
45:25 Bracer
45:40 Leather Archer Armor
46:06 Conscription
46:03 Scale Mail Armor
46:18 Bow Saw
46:08 Heavy Plow
50:43 Thumb Ring
52:34 Hoardings
51:43 Elite Champi Warrior
53:02 Chain Mail Armor
55:02 Plate Mail Armor
54:42 Forging
Atlan
14:20 Feudal Age
14:46 Horse Collar
14:53 Double-Bit Axe
19:29 Wheelbarrow
20:06 Bloodlines
20:25 Loom
22:49 Castle Age
21:30 Forging
21:28 Scale Barding Armor
25:18 Bow Saw
25:24 Heavy Plow
27:07 Hand Cart
27:25 Stone Mining
27:27 Gold Mining
28:16 Loom
30:01 Gold Shaft Mining
30:56 Husbandry
31:49 Chain Barding Armor
35:30 Stone Shaft Mining
35:29 Bloodlines
35:59 Town Watch
40:36 Imperial Age
38:17 Caravan
39:20 Ballistics
38:53 Fletching
39:38 Iron Casting
40:58 Murder Holes
41:14 Masonry
42:05 Chemistry
40:29 Cavalier
42:31 Two-Man Saw
43:18 Blast Furnace
42:54 Plate Barding Armor
42:57 Crop Rotation
43:38 Savar
45:53 Coinage
45:34 Guilds
47:08 Scale Mail Armor
47:03 Bodkin Arrow
47:09 Padded Archer Armor
49:00 Conscription
48:11 Sappers
51:00 Architecture
MRP9NDA
10:41 Loom
12:52 Feudal Age
13:06 Man-at-Arms
13:54 Horse Collar
14:36 Double-Bit Axe
23:09 Castle Age
21:24 Fletching
21:34 Padded Archer Armor
22:49 Bloodlines
23:08 Gold Mining
24:04 Wheelbarrow
25:00 Bow Saw
25:25 Heavy Plow
28:35 Bodkin Arrow
30:15 Ballistics
31:10 Padded Archer Armor
31:27 Husbandry
32:32 Stone Mining
33:43 Leather Archer Armor
34:19 Hand Cart
39:14 Imperial Age
38:01 Town Watch
39:17 Town Patrol
40:34 Conscription
40:20 Aznauri Cavalry
40:22 Bracer
41:45 Light Cavalry
42:38 Forging
42:28 Scale Mail Armor
43:37 Stone Shaft Mining
43:35 Crop Rotation
43:41 Parthian Tactics
44:22 Chemistry
45:59 Chain Mail Armor
45:51 Scale Barding Armor
45:10 Hussar
46:40 Iron Casting
45:42 Heavy Cavalry Archer
位技术水平平平但策略
15:15 Feudal Age
16:43 Double-Bit Axe
17:49 Loom
19:17 Scale Barding Armor
23:25 Castle Age
21:55 Bloodlines
23:04 Horse Collar
24:35 Light Cavalry
27:11 Chain Barding Armor
28:33 Heavy Plow
28:57 Bow Saw
30:21 Husbandry
31:02 Wheelbarrow
31:27 Forging
35:13 Hand Cart
39:55 Imperial Age
37:47 Szlachta Privileges
39:53 Gold Mining
39:53 Stone Mining
40:15 Caravan
40:36 Cavalier
40:38 Winged Hussar
43:37 Iron Casting
43:43 Crop Rotation
49:53 Lechitic Legacy
54:47 Conscription
CNZS_carlar
6:28 Loom
17:13 Feudal Age
22:38 Castle Age
25:58 Wheelbarrow
30:21 Fletching
43:35 Imperial Age
42:44 Thumb Ring
44:17 Ballistics
gob b
6:01 Loom
15:48 Feudal Age
17:03 Double-Bit Axe
17:03 Horse Collar
20:00 Castle Age
21:28 Husbandry
22:59 Bloodlines
22:52 Fletching
23:03 Padded Archer Armor
29:16 Scale Barding Armor
31:02 Wheelbarrow
32:30 Bodkin Arrow
32:50 Leather Archer Armor
34:30 Heavy Plow
34:43 Bow Saw
36:00 Ballistics
35:50 Thumb Ring
36:08 Chain Barding Armor
42:27 Imperial Age
40:31 Gold Mining
43:35 Parthian Tactics
45:06 Plate Barding Armor
44:39 Bracer
44:38 Heavy Cavalry Archer
47:27 Chemistry
48:11 Two-Man Saw
48:12 Light Cavalry
49:05 Forging
49:17 Hand Cart
ertk
4:35 Loom
13:26 Feudal Age
16:24 Double-Bit Axe
17:32 Scale Barding Armor
17:38 Forging
17:15 Horse Collar
17:30 Gold Mining
21:41 Castle Age
21:38 Wheelbarrow
22:10 Pikeman
33:26 Bow Saw
37:49 Imperial Age
36:01 Padded Archer Armor
35:51 Fletching
36:02 Scale Mail Armor
37:53 Capped Ram
39:08 Chain Barding Armor
39:04 Chain Mail Armor
39:24 Iron Casting
40:11 Drill
39:19 Siege Ram
40:10 Squires
42:42 Plate Mail Armor
43:13 Blast Furnace
44:25 Elite Mangudai
45:43 Ballistics
46:54 Conscription
47:32 Heavy Camel Rider
48:13 Husbandry
48:24 Bloodlines
48:23 Man-at-Arms
49:31 Leather Archer Armor
49:11 Bodkin Arrow
49:36 Long Swordsman
56:22 Hand Cart
55:54 Town Watch
Bailador Sensual
15:48 Loom
17:36 Feudal Age
18:47 Man-at-Arms
22:27 Castle Age
21:59 Scale Mail Armor
22:15 Forging
23:24 Scale Mail Armor
25:45 Squires
26:21 Long Swordsman
27:03 Double-Bit Axe
28:24 Bow Saw
28:12 Horse Collar
30:58 Wheelbarrow
33:05 Hand Cart
33:07 Gambesons
34:00 Chain Mail Armor
34:57 Ironclad
42:14 Imperial Age
39:29 Town Watch
40:41 Iron Casting
41:52 Masonry
42:22 Ballistics
42:19 Onager
43:20 Siege Engineers
43:55 Conscription
44:04 Two-Handed Swordsman
44:58 Pikeman
46:48 Chemistry
46:05 Halberdier
50:27 Blast Furnace
50:21 Fletching
51:10 Siege Onager
54:22 Bodkin Arrow
Connection lost

Rejoining the realm…

Still unreachable

The connection could not be restored.

Session expired

The server has moved on; the page needs a fresh start.